 Dungeon Crawl Stone Soup version 0.29.1-2-gbd0b4ee654 (webtiles) character file.

Game seed: 3466430372348519537

315 concernfroge the Trooper (level 6, -4/55 HPs)
             Began as a Mummy Monk on Nov 20, 2022.
             Slain by a wight
             ... wielding a +4 falchion
              (13 damage)
             ... on level 5 of the Dungeon.
             The game lasted 00:07:32 (4439 turns).

concernfroge the Trooper (Mummy Monk)               Turns: 4439, Time: 00:07:33

Health: -4/55      AC: 14    Str: 16    XL:     6   Next: 20%
Magic:  6/6        EV: 11    Int:  9    God:
Gold:   232        SH:  0    Dex: 15    Spells: 5/5 levels left

rFire   x . .      SeeInvis .   h - +1 flail (protect)
rCold   + . .      Faith    .   (no shield)
rNeg    + + +      Spirit   .   d - +0 ring mail
rPois   ∞          Reflect  .   (no helmet)
rElec   .          Harm     .   f - +0 cloak
rCorr   +          Rampage  .   b - +0 pair of gloves
Will    .....                   (no boots)
Stlth   +.........              (no amulet)
HPRegen 0.18/turn               a - ring of resist corrosion
MPRegen 0.10/turn               e - ring of flight

@: under a protective aura, flying
A: cold resistance 1, negative energy resistance 3, torment resistance 2, heat
vulnerability 1, in touch with death 1, no potions
a: no special abilities


You were on level 5 of the Dungeon.
You visited 1 branch of the dungeon, and saw 5 of its levels.
You also visited: Sewer.

You collected 232 gold pieces.

Inventory:

Hand Weapons
 h - a +1 flail of protection (weapon)
Missiles
 c - 4 curare-tipped darts
 k - 3 boomerangs (quivered)
 m - 7 poisoned darts
Armour
 b - a +0 pair of gloves (worn)
 d - a +0 ring mail (worn)
 f - a +0 cloak (worn)
Jewellery
 a - a ring of resist corrosion (left hand)
 e - a ring of flight (right hand)
Wands
 l - a wand of roots (10)
Scrolls
 g - a scroll of poison {unknown}
 i - 2 scrolls of brand weapon {unknown}
 j - 3 scrolls of identify {unknown}
 n - a scroll of teleportation


   Skills:
 + Level 7.0 Fighting
 - Level 2.4 Polearms
 - Level 2.4 Dodging
 - Level 1.5 Stealth


You had 5 spell levels left.
You didn't know any spells.
Your spell library contained the following spells:

 Spells                   Type           Power      Damage    Failure   Level
 Sandblast                Erth           0%         2d4       61%         1
 Summon Small Mammal      Summ           0%         N/A       61%         1
 Passwall                 Tmut/Erth      0%         N/A       75%         2
 Call Canine Familiar     Summ           0%         N/A       93%         3
 Stone Arrow              Conj/Erth      0%         3d7       93%         3
 Summon Guardian Golem    Hex/Summ       0%         N/A       93%         3


Dungeon Overview and Level Annotations

Branches:
Dungeon (5/15)              Sewer (visited)
 Temple: D:4-7

Altars:

Shops:
D:2 (

Annotations:
D:5 Blork the orc


Innate Abilities, Weirdness & Mutations

You are immune to poison.
Your flesh is cold resistant. (rC+)
You are immune to negative energy. (rN+++)
You are immune to unholy pain and torment.
You are vulnerable to heat. (rF-)
You are in touch with the powers of death.
You do not drink.


Message History

The adder moves out of view.
You hit the wight.
Your weapon exudes an aura of protection.
The wight is moderately damaged.
The wight hits you with a +4 falchion.
You hit the wight.
The wight is heavily damaged.
The wight hits you with a +4 falchion! The wight hits you with a +4 falchion.
You barely miss the wight.
The wight is heavily damaged.
The wight hits you with a +4 falchion!
You closely miss the wight.
The wight is heavily damaged.
The wight hits you with a +4 falchion. The wight barely misses you.
You barely miss the wight.
The wight is heavily damaged.
The adder hisses angrily.
The wight hits you but does no damage.
You closely miss the wight.
The wight is heavily damaged.
The wight hits you with a +4 falchion.
You barely miss the wight.
The wight is heavily damaged.
The wight hits you with a +4 falchion. x2
The adder bites you but does no damage.
You hit the wight but do no damage.
Your weapon exudes an aura of protection.
The wight is heavily damaged.
The adder bites you but does no damage. The wight hits you but does no damage.
You hit the wight.
The wight is almost destroyed.
The adder bites you but does no damage. The wight closely misses you.
The adder bites you but does no damage. The wight hits you with a +4 falchion!
* * * LOW HITPOINT WARNING * * *
You closely miss the wight.
The wight is almost destroyed.
The adder bites you.
* * * LOW HITPOINT WARNING * * *
The adder misses you. The wight hits you with a +4 falchion!
You die...

.######.######### ##.#
#.# ####.. ..# #.....
.### ##.#### ##
####..# ####....##
#####....####
###.....#### #S@.#####
#. .........z###
.###.#.#####..
##..........#..
##.........#...#
#..#...........#######
...#........##........
...#.......###........
............##.z......


You could see a wight and an adder.

Vanquished Creatures
  A bullfrog (D:4)
  A wight (D:5)
  A jelly (D:4)
  A gnoll bouda (D:5)
  An iguana (D:4)
  2 river rats (Sewer)
  3 adders
  A worm (D:2)
  2 orcs (D:4)
  6 ball pythons
  2 endoplasms (D:1)
  2 giant cockroaches (D:3)
  11 goblins
  7 hobgoblins
  5 kobolds
  3 quokkas
  5 bats
  6 frilled lizards
  7 rats
67 creatures vanquished.

Notes
Turn   | Place    | Note
-------+----------+-------------------------------------------
     0 | D:1      | concernfroge the Mummy Monk began the quest for the Orb.
     0 | D:1      | Reached XP level 1. HP: 18/18 MP: 1/1
   125 | D:1      | Found a faded altar of an unknown god.
   661 | D:1      | Reached XP level 2. HP: 24/24 MP: 2/2
  1128 | D:1      | Reached skill level 4 in Fighting
  1378 | D:2      | Gained mutation: You are in touch with the powers of death.
                  | [Mummy growth]
  1378 | D:2      | Reached XP level 3. HP: 27/30 MP: 3/3
  1632 | D:2      | Found Wuud Guo's Antique Weapon Shop.
  2332 | D:3      | Found a glowing drain.
  2360 | Sewer    | Entered a sewer
  2386 | Sewer    | Reached XP level 4. HP: 38/38 MP: 4/4
  2410 | Sewer    | Reached skill level 5 in Fighting
  2714 | Sewer    | Noticed a malarious merfolk avatar
  3310 | D:4      | Reached XP level 5. HP: 44/46 MP: 5/5
  3408 | D:4      | Reached skill level 6 in Fighting
  3845 | D:5      | Entered Level 5 of the Dungeon
  3874 | D:5      | Reached XP level 6. HP: 20/53 MP: 6/6
  4074 | D:5      | Noticed Blork the orc
  4104 | D:5      | Reached skill level 7 in Fighting
  4439 | D:5      | Slain by a wight

Illustrated notes

Levels and vault maps discovered:
D:1:      saegor_arrival_miasma, layout_loops_corners,
          dreamdust_ecumenical_altar_grove, hangedman_decor_lopped,
          nicolae_hexahallways, corexii_item_surrounded_by_moat,
          chequers_serial_rivers_large_b
D:2:      layout_basic, serial_shops, shop
D:3:      layout_loops_ring, portal_sewer_entry_f
D:4:      wad_crossroads, layout_rooms
D:5:      layout_rooms, minitemple, minmay_crossroads, uniq_blork_the_orc

Skill      XL: |  1  2  3  4  5  6 |
---------------+-------------------+-----
Fighting       | 4 5 6 7 |  7.0
Polearms       | |  2.4
Dodging        | |  2.4
Stealth        | |  1.5

Action                   |  1- 3 |  4- 6 || total
-------------------------+-------+-------++-------
Melee: Spear             |   118 |       ||   118
       Flail             |    65 |   127 ||   192
       Punch             |       |     1 ||     1
Throw: Boomerang         |       |     3 ||     3
  Use: Scroll            |       |     5 ||     5
 Stab: Sleeping          |     1 |       ||     1
Armor: Ring mail         |    99 |    76 ||   175
Dodge: Dodged            |   109 |    90 ||   199
